Map: Sequencer LE

Players

Bly - Winner!

  • Race: Zerg Zerg
  • Spawn Location: 1:00

VortiX

  • Race: Zerg Zerg
  • Spawn Location: 7:00

Event: WCS Valencia 2017

VOD

Have the link to the VOD?

Description

Time

  • Played on: July 13, 2017, 9:23 a.m.
  • Length: 9:36

All games in this series

Show
View Real Time Build Order
Export as new Build Order

Bly Zerg - Winner!

Build Orders: Hatch First 

Get SALT Encoding   

  12  0:01  Drone  
  13  0:12  Overlord  
  13  0:17  Drone  
  14  0:30  Drone x2  
  14  0:35  Drone  
  17  0:52  Hatchery  
  17  0:57  Drone  
  17  0:59  Drone  
  18  1:12  Spawning Pool  
  18  1:16  Drone  
  18  1:26  Drone  
  19  1:39  Hatchery  
  18  1:44  Drone  
  19  1:58  Queen  
  19  2:00  Zergling x2  
  22  2:04  Queen  
  22  2:05  Zergling x2  
  25  2:11  Spine Crawler  
  25  2:14  Zergling x2  
  25  2:22  Overlord  
  25  2:32  Drone x2  
  25  2:34  Drone  
  27  2:43  Overlord  
  26  2:54  Queen  
  26  2:57  Overlord  
  27  2:59  Zergling x6  
  27  3:04  Extractor  
  29  3:09  Drone x3  
  32  3:19  Drone x3  
  35  3:22  Drone x2  
  37  3:28  Drone x2  
  37  3:30  Drone  
  40  3:37  Drone x3  
  44  3:41  Drone  
  44  3:47  Extractor  
  44  3:48  Drone x3  
  46  3:57  Drone x4  
  46  3:58  Overlord  
  49  4:09  Evolution Chamber  
  48  4:11  Drone x5  
  51  4:19  Lair  
  51  4:20  Roach Warren  
  51  4:22  Overlord  
  50  4:27  Drone x3  
  50  4:29  Drone  
  54  4:33  Drone x3  
  54  4:36  Zerg Missile Weapons Level 1  
  54  4:37  Extractor  
  56  4:41  Drone x4  
  60  4:45  Overlord  
  60  4:48  Drone  
  60  4:49  Extractor, Drone  
  61  4:54  Overlord  
  61  4:56  Drone x3  
  61  4:57  Drone x2  
  66  5:05  Extractor, Overlord  
  65  5:11  Roach x5  
  65  5:12  Roach  
  65  5:14  Overlord  
  77  5:20  Glial Reconstitution  
  77  5:22  Drone x5  
  77  5:28  Overseer  
  82  5:33  Drone  
  82  5:34  Drone x2  
  85  5:37  Overlord  
  85  5:47  Spire  
  84  5:54  Roach x9  
  102  6:03  Overlord  
  102  6:04  Overlord  
  102  6:08  Overlord  
  102  6:16  Extractor  
  101  6:19  Overlord  
  101  6:20  Metabolic Boost  
  101  6:28  Hatchery  
  101  6:29  Queen x3  
  107  6:34  Roach  
  107  6:38  Drone  
  107  6:39  Drone x11  
  119  6:51  Ravager  
  119  6:52  Overlord  
  119  6:54  Overlord  
  119  6:56  Extractor  
  118  7:02  Extractor  
  118  7:03  Mutalisk x8  
  133  7:16  Mutalisk x2  
  119  7:37  Zerg Flyer Armor Level 1  
  119  7:39  Mutalisk  
  119  7:41  Zergling x2  
  119  7:42  Zergling x24  
  134  7:51  Mutalisk x2  
  134  7:53  Overlord x4  
  134  7:54  Overlord  
  134  7:57  Mutalisk  
  140  7:59  Spore Crawler  
  140  8:02  Spore Crawler  
  140  8:04  Hatchery  
  137  8:07  Mutalisk x2  
  137  8:08  Mutalisk  
  141  8:13  Spore Crawler, Queen  
  141  8:14  Mutalisk  
  141  8:18  Spore Crawler  
  141  8:19  Mutalisk  
  145  8:31  Mutalisk x2  
  139  8:52  Mutalisk x3  
  141  8:59  Zergling x2  
  141  9:00  Zergling x36  
  149  9:18  Extractor  
  149  9:20  Extractor  
Show
View Real Time Build Order
Export as new Build Order

VortiX Zerg 

Build Orders: Pool First 

Get SALT Encoding   

  12  0:00  Drone  
  13  0:12  Overlord  
  13  0:16  Drone  
  14  0:30  Drone x2  
  16  0:36  Drone  
  16  0:37  Extractor  
  16  0:46  Spawning Pool  
  15  0:50  Drone  
  15  0:55  Drone  
  17  1:19  Hatchery  
  16  1:33  Zergling x4  
  16  1:36  Metabolic Boost  
  18  1:47  Queen  
  18  1:51  Drone  
  21  1:55  Overlord  
  21  2:00  Zergling x2  
  22  2:15  Drone  
  22  2:19  Drone  
  24  2:22  Queen  
  24  2:28  Drone  
  27  2:37  Queen, Drone  
  28  2:40  Drone  
  31  2:45  Drone  
  31  2:50  Drone  
  32  2:52  Overlord  
  32  2:57  Drone  
  32  2:58  Drone x2  
  34  3:06  Drone  
  34  3:10  Overlord  
  34  3:22  Overlord  
  34  3:29  Hatchery, Drone x4  
  34  3:30  Drone  
  38  3:39  Zergling x8  
  42  3:44  Drone  
  44  3:48  Drone x2  
  43  4:00  Extractor  
  42  4:03  Drone x2  
  42  4:04  Roach Warren, Drone  
  43  4:10  Overlord  
  43  4:17  Drone x2  
  45  4:18  Drone x2  
  45  4:19  Queen  
  45  4:22  Overlord  
  49  4:29  Drone, Overlord  
  49  4:30  Drone x3  
  53  4:34  Lair  
  52  4:39  Extractor  
  52  4:42  Extractor  
  52  4:44  Drone x3  
  52  4:45  Drone  
  54  4:48  Drone x3  
  54  4:52  Drone  
  58  4:55  Evolution Chamber  
  58  4:57  Drone x3  
  60  5:06  Overlord  
  60  5:08  Drone x4  
  64  5:16  Drone  
  64  5:18  Drone x4  
  69  5:22  Zerg Missile Weapons Level 1  
  69  5:23  Overlord  
  69  5:24  Drone x3  
  72  5:31  Extractor x2  
  72  5:32  Spire  
  72  5:34  Drone x3  
  71  5:36  Roach  
  71  5:38  Overseer  
  71  5:41  Roach  
  71  5:42  Roach  
  76  5:44  Roach  
  76  5:45  Roach  
  76  5:47  Roach  
  82  5:51  Unknown, Overlord  
  82  5:52  Roach  
  82  5:56  Roach x3  
  90  6:00  Overlord  
  90  6:03  Overlord  
  90  6:04  Roach x2  
  90  6:06  Roach  
  96  6:13  Overlord  
  96  6:14  Overlord  
  96  6:19  Roach x4  
  96  6:23  Glial Reconstitution  
  104  6:28  Overlord x2  
  104  6:39  Overlord  
  104  6:40  Roach x2  
  104  6:41  Roach x2  
  104  6:44  Hatchery  
  104  6:46  Mutalisk x2  
  115  6:48  Mutalisk  
  115  6:51  Mutalisk x4  
  126  6:56  Mutalisk  
  128  7:03  Mutalisk  
  128  7:06  Queen, Drone  
  128  7:07  Drone x3  
  130  7:15  Drone x2  
  130  7:16  Drone  
  130  7:18  Overseer x2  
  128  7:23  Hatchery  
  128  7:25  Drone x3  
  128  7:26  Drone x2  
  128  7:33  Drone x2  
  138  7:41  Mutalisk x2  
  138  7:42  Zerg Flyer Armor Level 1, Mutalisk x2  
  138  7:49  Mutalisk  
  140  7:51  Overlord x2  
  140  7:55  Extractor, Mutalisk  
  141  7:59  Mutalisk  
  141  8:01  Overlord  
  143  8:05  Mutalisk  
  143  8:08  Drone  
  143  8:09  Overlord x2  
  143  8:11  Mutalisk  
  148  8:17  Zergling x14  
  155  8:23  Mutalisk  
  155  8:26  Mutalisk  
  159  8:27  Overlord  
  159  8:29  Mutalisk  
  161  8:34  Hatchery  
  161  8:38  Roach  
  161  8:39  Roach x3  
  164  8:47  Mutalisk x2  
  139  8:56  Mutalisk  
  139  8:59  Drone x5  
  139  9:00  Drone x2  
  139  9:09  Mutalisk x2  
Tags
 
Add a new tag
Caveats
  • Supply blocks, unpowered buildings, or Contaminate may cause inaccurate times.
  • Supply counts are checked every 10 seconds.